 Dungeon Crawl Stone Soup version 0.27.0-1-g7a089689b8 (webtiles) character file.

Game seed: 2758086826047306610

1225 sanka the Nimble (level 8, -12/40 HPs)
             Began as a Spriggan Abyssal Knight on Aug 14, 2021.
             Was a Priest of Lugonu.
             Engulfed by a cloud of steam (14 damage)
             ... on level 7 of the Dungeon.
             The game lasted 00:13:30 (10039 turns).

sanka the Nimble (Spriggan Abyssal Knight)         Turns: 10039, Time: 00:13:31

Health: -12/40     AC:  2    Str:  8    XL:     8   Next: 23%
Magic:  13/13      EV: 24    Int: 14    God:    Lugonu [***...]
Gold:   357        SH:  0    Dex: 16    Spells: 7/7 levels left

rFire    . . .     SeeInvis +   u - +0 mace (distort)
rCold    . . .     Faith    .   (shield restricted)
rNeg     . . .     Spirit   .   b - +0 robe
rPois    .         Reflect  .   (helmet restricted)
rElec    .         Harm     .   e - scarf {shadows}
rCorr    .         Rampage  .   (gloves unavailable)
Will     +....                  (boots unavailable)
Stlth    +.........             (no amulet)
HPRegen  0.13/turn              (no ring)
MPRegen  0.13/turn              (no ring)

@: very quick
A: very small, no large weapons, unfitting armour, see invisible, speed 3
a: Renounce Religion, Depart the Abyss, Bend Space, Banish


You were on level 7 of the Dungeon.
You worshipped Lugonu.
Lugonu was most pleased with you.
You visited 1 branch of the dungeon, and saw 7 of its levels.
You visited the Abyss 1 time.

You collected 357 gold pieces.


Innate Abilities, Weirdness & Mutations

You are very small and have problems with some larger weapons.
You are too small for most types of armour.
You have supernaturally acute eyesight. (SInv)
You cover ground extremely quickly. (Speed+++)


   Skills:
 - Level 3.0 Fighting
 - Level 2.1 Short Blades
 + Level 10.7 Dodging
 + Level 5.8 Invocations


You had 7 spell levels left.
You didn't know any spells.
Your spell library contained the following spells:

 Spells                   Type           Power      Damage    Failure   Level
 Animate Skeleton         Necr           0%         N/A       28%         1
 Apportation              Tloc           0%         N/A       28%         1
 Corona                   Hex            0%         N/A       28%         1
 Freeze                   Ice            0%         1d3       28%         1
 Summon Small Mammal      Summ           0%         N/A       28%         1
 Slow                     Hex            0%         N/A       41%         2
 Confusing Touch          Hex            0%         N/A       65%         3
 Frozen Ramparts          Ice            0%         1d2       65%         3
 Stone Arrow              Conj/Erth      0%         3d7       65%         3
 Vampiric Draining        Necr           0%         2d6       65%         3
 Hailstorm                Conj/Ice       0%         3d3       96%         4
 Bolt of Magma            Conj/Fire/Erth 0%         4d4       100%        5
 Shatter                  Erth           0%         3d5*      100%        9

Inventory:

Hand Weapons
 a - a +1 short sword
 o - a +0 long sword
 u - a +0 mace of distortion (weapon)
Missiles
 g - 5 curare-tipped darts {=f}
 n - 32 poisoned darts (quivered)
Armour
 b - a +0 robe (worn)
 e - a scarf of shadows (worn)
Magical Staves
 w - a staff of cold
Wands
 y - a wand of flame (19)
 B - a wand of iceblast (9)
Scrolls
 c - 3 scrolls of vulnerability {unknown}
 d - 3 scrolls of teleportation {unknown}
 h - 2 scrolls of acquirement {unknown}
 i - 3 scrolls of magic mapping {unknown}
 l - 3 scrolls of identify {unknown}
 r - a scroll of enchant weapon {unknown}
 t - a scroll of torment {unknown}
 x - a scroll of summoning {unknown}
 z - a scroll of amnesia {unknown}
Potions
 f - a potion of attraction {unknown}
 j - a potion of brilliance {unknown}
 k - 2 potions of berserk rage {unknown}
 m - a potion of might {unknown}
 p - 3 potions of mutation {unknown}
 q - a potion of lignification {unknown}
 s - 5 potions of curing {@q1}
 v - a potion of flight {unknown}
 A - a potion of degeneration {unknown}

Dungeon Overview and Level Annotations

Branches:
Dungeon (7/15)
 Temple: D:4-7

Altars:
Cheibriados
Dithmenos
Fedhas
Makhleb
Qazlal
Ru
Sif Muna
Trog
Uskayaw
Vehumet
Yredelemnul

Shops:
D:5 ( D:6

[ ..▒..▒
▒▒▒▒ ▒.▒..▒
.....▒.▒..▒
..>..▒.▒..▒
.)£..▒.▒.#▒
..........▒
.......#..▒
.£......##▒
......i##.▒
.o......##▒
..........▒
▒▒▒▒▒.....▒
......▒
▒▒▒+▒▒+▒
▒▒▒▒▒..▒
........
..▒
(.......
....zz..


You could see an orc.


Message History

Found 27 sling bullets.
A steam dragon comes into view.
A steam dragon is nearby!
Found 25 gold pieces and a dagger.
Found a stone staircase leading down.
You hit the steam dragon but do no damage.
Space warps horribly around the steam dragon!!
The steam dragon is severely wounded.
The steam dragon breathes steam at you. The ball of steam hits you!
The steam dragon barely misses you. The steam dragon closely misses you.
You hit the steam dragon.
Space bends around the steam dragon.
The steam dragon is almost dead.
You are engulfed in a cloud of scalding steam.
An orc comes into view. It is wielding a +0 mace.
The steam dragon bites you.
* * * LOW HITPOINT WARNING * * *
The steam dragon misses you. The steam dragon breathes steam at you.
The ball of steam hits you!
* * * LOW HITPOINT WARNING * * *
The orc shouts!
You hit the steam dragon but do no damage.
Space bends around the steam dragon.
You kill the steam dragon!
Lugonu accepts your kill.
You are engulfed in a cloud of scalding steam.
You die...

Action                   |  1- 3 |  4- 6 |  7- 9 || total
-------------------------+-------+-------+-------++-------
Melee: Short sword       |    51 |       |       ||    51
       Long sword        |    75 |    55 |       ||   130
       Mace              |       |    57 |   119 ||   176
Throw: Dart              |     8 |    15 |       ||    23
Invok: Depart the Abyss  |     1 |       |       ||     1
  Use: Potion            |     2 |       |       ||     2
 Stab: Sleeping          |     4 |     1 |       ||     5
Armor: Robe              |    17 |     8 |     8 ||    33
Dodge: Dodged            |   149 |   133 |   139 ||   421
       Rpst.: Long sword |    37 |    19 |       ||    56

Levels and vault maps discovered:
D:1:      minmay_arrival_five_plusses, layout_basic
D:2:      layout_rooms
D:3:      layout_basic, ebering_ecumenical_altar_sacrificial
D:4:      layout_gridville, nicolae_sif_muna_little_library
D:5:      layout_loops_ring, nicolae_qazlal_eye_of_the_storm,
          minmay_overflow_temple_hex, serial_shops, shop
D:6:      layout_basic, chequers_temple_overflow_statue_of_worship,
          serial_shops, shop, grunt_decor_clamped
D:7:      layout_basic, minmay_temple_entry_antechambers, kennysheep_nub

Notes
Turn   | Place    | Note
-------+----------+-------------------------------------------
     0 | Abyss:1  | sanka the Spriggan Abyssal Knight began the quest for the
                  | Orb.
     0 | Abyss:1  | Reached XP level 1. HP: 11/11 MP: 3/3
    41 | Abyss:1  | Found a corrupted altar of Lugonu.
    61 | Abyss:1  | Found a corrupted altar of Lugonu.
    71 | Abyss:1  | Noticed a raiju
    71 | Abyss:1  | Noticed a large abomination
    72 | D:1      | Escaped the Abyss
   351 | D:1      | Reached * piety under Lugonu
   724 | D:1      | Reached XP level 2. HP: 16/16 MP: 4/4
   755 | D:1      | Reached skill level 3 in Fighting
  1504 | D:1      | HP: 1/16 [poisoned by an adder]
  1612 | D:2      | Reached skill level 4 in Dodging
  1799 | D:2      | Reached XP level 3. HP: 20/20 MP: 5/5
  2274 | D:3      | Noticed a phantom
  2320 | D:1      | HP: 2/20 [poisoned by an adder]
  2388 | D:1      | Reached skill level 5 in Dodging
  2955 | D:3      | Found a faded altar of an unknown god.
  3228 | D:3      | Reached XP level 4. HP: 21/24 MP: 6/6
  3327 | D:3      | Reached ** piety under Lugonu
  3328 | D:3      | Reached skill level 6 in Dodging
  3723 | D:4      | Reached XP level 5. HP: 28/28 MP: 7/7
  3830 | D:4      | Reached skill level 7 in Dodging
  4630 | D:4      | Found a shimmering blue altar of Sif Muna.
  4855 | D:5      | Entered Level 5 of the Dungeon
  4855 | D:5      | Found Umyav's Weapon Emporium.
  4855 | D:5      | Noticed a necrophage
  4862 | D:4      | Banished a necrophage
  4863 | D:4      | Reached skill level 8 in Dodging
  4863 | D:4      | Reached skill level 2 in Invocations
  4863 | D:4      | Reached XP level 6. HP: 28/32 MP: 8/8
  5853 | D:5      | Reached skill level 3 in Invocations
  6159 | D:5      | Reached skill level 9 in Dodging
  6159 | D:5      | Reached XP level 7. HP: 24/36 MP: 10/10
  6681 | D:5      | Found a stormy altar of Qazlal.
  6698 | D:5      | Found a blossoming altar of Fedhas.
  6698 | D:5      | Found a shadowy altar of Dithmenos.
  6699 | D:5      | Found a hide-covered altar of Uskayaw.
  6716 | D:5      | Found a basalt altar of Yredelemnul.
  6721 | D:5      | Found a snail-covered altar of Cheibriados.
  6724 | D:5      | Found a radiant altar of Vehumet.
  6888 | D:5      | Reached skill level 4 in Invocations
  7931 | D:6      | Found a bloodstained altar of Trog.
  7932 | D:6      | Found a burning altar of Makhleb.
  7932 | D:6      | Found a sacrificial altar of Ru.
  7941 | D:6      | Reached skill level 10 in Dodging
  8297 | D:6      | Reached skill level 5 in Invocations
  8317 | D:6      | HP: 3/36 [iguana (3)]
  8611 | D:6      | Reached XP level 8. HP: 40/40 MP: 12/12
  8656 | D:6      | Found Upru's Antique Armour Shop.
  9842 | D:7      | Reached *** piety under Lugonu
 10038 | D:7      | HP: 2/40 [steam dragon/ball of steam (17)]
 10039 | D:7      | Engulfed by a cloud of steam

Vanquished Creatures
  A steam dragon (D:7)
  A water moccasin (D:5)
  A hornet zombie (D:5)
  An ice beast (D:5)
  A phantom (D:5)
  A centaur (D:5)
  2 wyvern zombies (D:6)
  A wight (D:7)
  2 hounds (D:4)
  2 jellies
  An orc priest (D:6)
  An iguana (D:6)
  An orc wizard (D:6)
  A howler monkey skeleton (D:5)
  6 gnolls
  5 adders
  2 ufetubi (D:5)
  2 worms
  A dart slug (D:4)
  11 orcs
  7 bats
  6 endoplasms
  2 giant cockroaches (D:3)
  3 goblins (D:1)
  5 hobgoblins
  8 jackals
  A quokka (D:2)
  6 ball pythons
  3 frilled lizards (D:2)
  4 kobolds
  5 rats
94 creatures vanquished.
